Map: New Repugnancy LE

Players

Neeb - Winner!

  • Race: Protoss Protoss
  • League: Master
  • Spawn Location: 1:00

MaSa

  • Race: Terran Terran
  • League: Master
  • Spawn Location: 7:00

Event: 2019 WCS Winter Americas

VOD

Have the link to the VOD?

Description

Time

  • Played on: April 6, 2019, 3:43 p.m.
  • Length: 14:27

All games in this series

Show
View Real Time Build Order
Export as new Build Order

Neeb Protoss - Winner!

Build Orders: 1 Gate Expand 

Get SALT Encoding   

  12  0:00  Probe  
  13  0:12  Probe  
  14  0:17  Pylon  
  14  0:23  Probe  
  15  0:32  Probe  
  15  0:36  Gateway  
  15  0:40  Probe  
  16  0:45  Assimilator  
  17  0:51  Probe  
  18  1:03  Probe  
  19  1:15  Probe  
  20  1:23  Cybernetics Core  
  20  1:32  Nexus  
  20  1:35  Probe  
  21  1:42  Pylon  
  21  1:47  Probe  
  21  1:50  Adept  
  21  1:51  Assimilator  
  22  1:59  Probe  
  25  2:10  Adept  
  25  2:11  Probe  
  28  2:24  Probe  
  28  2:30  Stargate  
  28  2:36  Probe  
  29  2:37  Warp Gate  
  29  2:47  Adept  
  29  2:48  Probe x2  
  33  2:56  Probe  
  33  3:00  Probe, Shield Battery  
  33  3:05  Void Ray  
  35  3:08  Shield Battery  
  37  3:21  Stalker  
  37  3:25  Probe  
  38  3:37  Shield Battery  
  38  3:47  Shield Battery  
  38  3:51  Stalker, Probe  
  38  3:53  Probe  
  38  4:00  Probe  
  38  4:01  Oracle  
  41  4:05  Probe  
  41  4:08  Probe  
  44  4:17  Probe  
  44  4:19  Probe  
  44  4:22  Gateway  
  44  4:24  Gateway  
  46  4:32  Pylon  
  46  4:33  Pylon  
  46  4:35  Pylon  
  46  4:38  Oracle  
  46  4:45  Pylon  
  46  4:50  Stalker, Probe x2  
  53  4:59  Pylon  
  53  5:02  Probe x2  
  53  5:03  Oracle  
  55  5:10  Pylon  
  55  5:14  Probe  
  55  5:20  Probe  
  60  5:26  Probe  
  61  5:29  Nexus  
  61  5:30  Pylon  
  61  5:33  Assimilator  
  61  5:34  Assimilator  
  61  5:35  Oracle  
  57  5:49  Probe  
  56  5:54  Probe  
  53  5:59  Adept x3  
  53  6:01  Probe, Forge  
  53  6:03  Twilight Council  
  60  6:07  Probe  
  61  6:13  Probe  
  62  6:20  Stalker x3  
  68  6:26  Gateway x2  
  68  6:29  Probe  
  68  6:32  Probe  
  70  6:41  Probe  
  70  6:44  Probe  
  69  6:47  Blink  
  69  6:50  Stalker x3  
  69  6:51  Probe  
  69  6:52  Protoss Ground Weapons Level 1  
  76  6:59  Probe x2  
  78  7:03  Probe  
  79  7:11  Probe  
  79  7:12  Probe, Robotics Facility  
  81  7:18  Sentry, Probe  
  81  7:21  Pylon  
  84  7:25  Stalker x2  
  84  7:28  Stalker  
  90  7:31  Probe x3  
  90  7:33  Stalker  
  95  7:38  Assimilator  
  95  7:41  Assimilator  
  95  7:45  Probe  
  95  7:48  Probe  
  97  7:53  Nexus  
  97  7:54  Pylon  
  97  7:56  Probe  
  98  8:01  Immortal  
  92  8:08  Probe  
  92  8:10  Probe x2  
  99  8:16  Robotics Bay  
  99  8:20  Gateway  
  99  8:21  Probe  
  99  8:22  Sentry, Probe, Gateway  
  99  8:26  Probe  
  104  8:28  Gateway  
  104  8:33  Probe  
  105  8:34  Probe  
  105  8:38  Zealot x4, Probe  
  115  8:43  Immortal  
  115  8:46  Charge  
  115  8:47  Protoss Ground Armor Level 1  
  119  8:51  Stalker  
  121  9:00  Photon Cannon  
  121  9:09  Pylon  
  121  9:13  Colossus  
  127  9:28  Stalker  
  127  9:29  Stalker x4  
  131  9:41  Extended Thermal Lance  
  127  9:51  Colossus  
  125  9:54  Assimilator  
  125  9:55  Stalker, Assimilator  
  125  9:56  Stalker x4  
  117  10:11  Zealot x3  
  125  10:19  Zealot x5  
  103  10:28  Protoss Ground Armor Level 2  
  103  10:31  Colossus  
  94  10:36  Zealot  
  94  10:37  Zealot x2  
  100  10:42  Forge  
  100  10:45  Pylon  
  100  10:47  Probe  
  100  10:49  Probe  
  108  10:52  Sentry  
  108  10:53  Stalker x3, Sentry  
  118  11:00  Gateway  
  118  11:04  Stalker x2  
  118  11:05  Stalker  
  118  11:09  Gateway  
  124  11:11  Templar Archives  
  124  11:14  Pylon, Protoss Ground Weapons Level 2  
  124  11:18  Nexus  
  124  11:23  Warp Prism  
  126  11:27  Gravitic Drive  
  126  11:28  Zealot x7  
  126  11:29  Stalker  
  139  11:39  Pylon  
  139  11:41  Pylon x2  
  139  11:48  Photon Cannon  
  139  11:50  Stalker x2  
  139  11:54  Stalker x3, Zealot x4  
  156  12:03  Pylon  
  149  12:17  Probe x2  
  149  12:18  Probe x2  
  149  12:19  Warp Prism  
  149  12:20  High Templar x6  
  149  12:21  High Templar x3  
  163  12:25  Archon x4  
  165  12:41  Probe, Pylon  
  165  12:42  Psionic Storm, Probe x4  
  170  12:54  Probe  
  168  13:06  Zealot, Stalker  
  168  13:07  Stalker x3  
  168  13:08  Stalker x4  
  168  13:11  Colossus  
  166  13:27  Stalker  
  152  13:35  Stalker  
  152  13:36  Stalker x3  
  152  13:37  Zealot x4  
  132  14:06  Stalker x8  
Show
View Real Time Build Order
Export as new Build Order

MaSa Terran 

Build Orders:  

Get SALT Encoding   

  12  0:00  SCV  
  13  0:12  SCV  
  14  0:17  Supply Depot  
  14  0:24  SCV  
  15  0:38  SCV  
  15  0:39  Barracks  
  16  0:44  Refinery  
  16  0:50  SCV  
  17  1:01  Barracks  
  17  1:04  SCV  
  18  1:16  SCV  
  19  1:26  Reaper  
  19  1:29  Orbital Command  
  20  1:45  Supply Depot  
  20  1:52  Barracks Tech Lab  
  20  1:55  SCV  
  20  1:58  Marine  
  22  2:07  SCV  
  23  2:10  Marauder, Concussive Shells  
  25  2:15  Supply Depot  
  25  2:16  Marine  
  25  2:22  SCV  
  27  2:32  Marauder  
  27  2:34  Marine  
  27  2:36  SCV  
  31  2:48  SCV  
  31  2:52  Marine  
  31  2:53  Marauder  
  34  3:00  SCV, Factory  
  35  3:14  SCV, Command Center  
  35  3:16  Marine  
  37  3:20  Marine  
  38  3:32  SCV  
  38  3:34  Bunker  
  38  3:35  Marine  
  39  3:42  Marine  
  39  3:49  Supply Depot  
  39  3:52  SCV  
  39  3:53  Factory Tech Lab  
  37  3:59  Refinery  
  37  4:02  Marauder, Marine  
  38  4:05  SCV  
  37  4:15  Mag-Field Accelerator  
  36  4:17  SCV  
  36  4:19  Supply Depot  
  36  4:22  Marine  
  36  4:23  Marine  
  39  4:29  Cyclone  
  42  4:34  SCV  
  42  4:37  Orbital Command  
  43  4:44  Barracks Reactor  
  43  4:46  SCV, Marauder  
  46  4:58  SCV  
  47  5:01  Cyclone  
  47  5:04  SCV  
  51  5:10  Supply Depot  
  51  5:11  Marine  
  52  5:14  Refinery  
  52  5:22  Starport, Marine x2  
  52  5:26  SCV x2  
  56  5:29  Marine  
  56  5:32  Supply Depot  
  57  5:40  Marine  
  52  5:44  Marine  
  52  5:46  SCV  
  52  5:47  Marine  
  48  5:53  Cyclone  
  48  5:55  SCV  
  51  5:57  Engineering Bay, Command Center  
  51  5:58  Viking, Supply Depot  
  53  6:04  SCV  
  53  6:07  SCV  
  53  6:11  Marine x3  
  55  6:16  SCV  
  59  6:19  SCV  
  59  6:22  Supply Depot  
  60  6:28  SCV  
  60  6:31  Viking, Barracks  
  63  6:34  SCV  
  64  6:41  Missile Turret  
  57  6:50  SCV x2  
  57  6:51  Cyclone  
  58  6:59  Barracks  
  56  7:02  Terran Infantry Weapons Level 1, SCV, Barracks  
  57  7:08  Barracks Tech Lab  
  57  7:09  Starport Reactor  
  57  7:12  SCV, Orbital Command  
  58  7:15  Refinery  
  58  7:18  SCV  
  58  7:20  Barracks Reactor  
  59  7:23  Siege Tank  
  59  7:27  Marauder, Stimpack  
  59  7:28  SCV  
  65  7:30  Supply Depot  
  65  7:31  Barracks  
  65  7:37  SCV, Orbital Command  
  65  7:40  SCV  
  67  7:48  Marauder  
  67  7:49  SCV  
  67  7:50  Marine x3  
  72  7:54  SCV  
  72  7:55  Siege Tank  
  72  7:56  Barracks Reactor  
  75  8:02  Marine x2  
  75  8:03  SCV  
  75  8:07  Marine x2  
  75  8:08  Orbital Command  
  75  8:10  Marauder  
  75  8:11  Medivac x2  
  75  8:12  SCV  
  85  8:18  SCV  
  86  8:20  Marine x2  
  86  8:21  Barracks Tech Lab  
  86  8:22  Barracks Tech Lab  
  86  8:25  Marine  
  88  8:28  SCV  
  88  8:30  Supply Depot  
  88  8:31  Marauder  
  88  8:33  Command Center  
  91  8:36  SCV  
  91  8:37  Liberator  
  91  8:40  Refinery, Marine  
  91  8:41  Medivac  
  95  8:42  Missile Turret, Marine x2  
  95  8:44  Refinery  
  95  8:47  SCV x2  
  99  8:51  Siege Tank  
  99  8:52  Marauder  
  107  8:56  SCV  
  107  9:02  Marine x2  
  111  9:03  Marauder, Marine  
  111  9:06  Combat Shield  
  111  9:08  SCV  
  114  9:10  SCV  
  114  9:15  SCV  
  114  9:16  Terran Infantry Armor Level 1  
  112  9:19  Marine  
  112  9:20  Marauder, Marine x2  
  111  9:26  Marauder, Marine  
  111  9:28  SCV  
  111  9:30  SCV  
  110  9:34  Marine  
  110  9:37  Marine x2  
  111  9:44  Marine  
  111  9:45  Marauder, Marine  
  115  9:46  SCV  
  115  9:49  SCV  
  116  9:53  Marine  
  116  9:54  Marauder  
  115  10:01  Marine  
  115  10:02  Marauder  
  115  10:06  Marine x2  
  115  10:07  Marauder  
  108  10:09  SCV  
  108  10:11  Marine  
  108  10:13  SCV  
  110  10:19  Marine x2  
  110  10:20  Widow Mine  
  105  10:23  Medivac, Marine  
  105  10:27  Marine x3  
  96  10:31  Marine  
  84  10:36  Marine  
  84  10:37  SCV, Marine  
  84  10:41  Marauder  
  84  10:42  SCV  
  89  10:45  Marine  
  89  10:46  Marauder  
  94  10:51  Medivac, Siege Tank  
  94  10:56  Marine  
  100  10:57  Marauder  
  100  11:02  Medivac  
  100  11:03  Marauder, Marine  
  105  11:08  Planetary Fortress  
  105  11:10  SCV x3  
  107  11:16  Armory  
  107  11:17  Marine  
  107  11:18  Marauder  
  110  11:21  Medivac  
  112  11:31  Siege Tank  
  112  11:32  Marauder x2, Medivac  
  121  11:34  Liberator  
  120  11:41  SCV  
  120  11:42  Marine x2  
  120  11:43  Marauder  
  120  11:45  SCV x2  
  127  11:52  Fusion Core  
  127  11:53  SCV  
  131  11:56  Marauder, Starport  
  131  11:58  Marine  
  131  11:59  SCV, Liberator  
  131  12:00  SCV  
  125  12:03  Siege Tank  
  125  12:04  Engineering Bay  
  128  12:11  Marauder, Marine x2  
  133  12:15  SCV  
  133  12:17  Liberator  
  133  12:21  Marauder, Marine  
  133  12:22  Marauder, Marine  
  139  12:27  Supply Depot  
  139  12:29  Supply Depot, Marine  
  132  12:35  Siege Tank  
  138  12:44  Refinery x2  
  138  12:48  Marauder, Marine x4  
  138  12:49  Marauder, Liberator  
  138  12:50  Starport Tech Lab  
  146  12:53  Marauder  
  148  13:00  SCV  
  147  13:06  Marine x4  
  147  13:12  Marauder x2  
  142  13:14  Marine  
  112  13:24  Siege Tank, Marine x4  
  102  13:32  Marauder  
  102  13:33  Marine  
  102  13:34  Marauder  
  72  13:41  Medivac  
  72  13:42  Marine x2  
  72  13:45  Marine  
  73  13:51  Marauder  
  73  13:54  Marauder  
  73  13:55  Marauder  
  67  13:57  Marine  
  67  13:59  Marine  
  67  14:05  Marine  
  67  14:07  Marine  
  55  14:13  SCV  
Tags
 
Add a new tag
Caveats
  • Supply blocks, unpowered buildings, or Contaminate may cause inaccurate times.
  • Supply counts are checked every 10 seconds.